Map: Automaton LE

Players

Leandoer

  • Race: Zerg Zerg
  • Spawn Location: 3:00

BratOK (Brat_OK) - Winner!

  • Race: Terran Terran
  • Spawn Location: 9:00

Event: 2019 WCS Spring

VOD

Have the link to the VOD?

Description

Time

  • Played on: May 17, 2019, 8:01 a.m.
  • Length: 18:55

All games in this series

Show
View Real Time Build Order
Export as new Build Order

Leandoer Zerg 

Build Orders: Hatch First, Brood Lord Corruptor 

Get SALT Encoding   

  12  0:00  Drone  
  13  0:13  Overlord  
  13  0:18  Drone  
  14  0:31  Drone x2  
  16  0:51  Hatchery  
  16  0:53  Drone  
  16  0:56  Drone  
  17  1:00  Drone  
  18  1:11  Extractor  
  17  1:15  Spawning Pool  
  16  1:19  Drone  
  16  1:23  Drone  
  18  1:29  Drone  
  19  1:41  Drone  
  20  1:52  Overlord  
  20  2:02  Queen  
  20  2:04  Queen  
  20  2:05  Zergling x4  
  26  2:11  Metabolic Boost  
  26  2:14  Drone  
  26  2:15  Drone  
  28  2:24  Drone  
  28  2:26  Drone  
  30  2:42  Queen  
  32  2:48  Overlord  
  32  2:50  Drone  
  33  2:51  Pneumatized Carapace  
  33  2:53  Overlord  
  33  2:58  Drone x2  
  35  3:13  Hatchery  
  33  3:20  Drone x2  
  33  3:21  Drone  
  36  3:27  Drone x3  
  36  3:32  Queen  
  41  3:36  Drone x2  
  43  3:43  Queen  
  45  3:49  Drone  
  45  3:50  Drone x2  
  45  3:53  Drone x2  
  50  3:56  Drone  
  50  3:59  Baneling Nest  
  50  4:02  Overlord  
  50  4:05  Zergling x4  
  52  4:20  Queen  
  52  4:21  Overlord  
  52  4:22  Spore Crawler  
  52  4:23  Drone x2  
  55  4:24  Drone  
  55  4:30  Zergling x10  
  61  4:38  Queen  
  63  4:40  Drone x2  
  63  4:44  Baneling x3  
  65  4:51  Drone x4  
  65  4:52  Drone x2  
  71  4:53  Drone x2  
  71  4:59  Drone  
  73  5:10  Drone  
  73  5:11  Overlord x2  
  73  5:16  Overlord  
  73  5:17  Overlord  
  73  5:18  Lair  
  73  5:24  Overlord x2  
  73  5:26  Overlord x3  
  73  5:32  Extractor x2  
  73  5:33  Drone x3  
  75  5:35  Extractor, Drone  
  75  5:36  Extractor  
  73  5:44  Drone x3  
  73  5:46  Extractor  
  76  5:50  Drone  
  76  5:54  Drone x2  
  78  6:02  Zergling x2  
  78  6:03  Zergling x8  
  83  6:05  Drone x3  
  86  6:17  Centrifical Hooks  
  86  6:19  Drone x6  
  86  6:21  Hydralisk Den  
  86  6:22  Drone  
  86  6:25  Zergling x2  
  93  6:36  Hatchery  
  93  6:39  Overlord x2  
  92  6:41  Drone x4  
  92  6:44  Overlord  
  96  6:50  Zergling x14  
  96  6:51  Zergling x2  
  104  6:54  Muscular Augments  
  104  6:56  Baneling  
  104  6:57  Baneling x4  
  104  6:58  Hydralisk  
  104  7:01  Hydralisk x2  
  106  7:03  Hydralisk  
  112  7:09  Hydralisk  
  112  7:10  Hydralisk x3  
  112  7:14  Hydralisk x4  
  128  7:16  Zergling x2  
  112  7:39  Zergling x14  
  116  7:48  Hydralisk x8  
  132  7:53  Drone x2  
  132  7:57  Drone  
  135  8:00  Infestation Pit, Drone  
  135  8:03  Hydralisk  
  135  8:04  Hydralisk, Spore Crawler  
  138  8:05  Grooved Spines  
  138  8:12  Baneling x2  
  138  8:13  Baneling x8  
  138  8:15  Drone x4  
  142  8:20  Extractor  
  142  8:21  Extractor  
  142  8:25  Spore Crawler  
  138  8:31  Zergling x14  
  138  8:32  Zergling x12  
  148  8:39  Zergling x2  
  148  8:40  Drone  
  150  8:42  Drone x2  
  150  8:44  Drone  
  150  8:46  Hive  
  134  9:10  Zergling x30  
  149  9:17  Baneling  
  149  9:18  Baneling x4  
  149  9:24  Evolution Chamber  
  149  9:25  Evolution Chamber, Drone x6  
  149  9:27  Drone x2  
  149  9:28  Drone  
  149  9:30  Hydralisk x2, Spire  
  159  9:42  Baneling  
  159  9:43  Baneling x5  
  159  9:49  Zergling x2  
  160  9:57  Spine Crawler x2  
  158  10:06  Hatchery  
  154  10:09  Hydralisk  
  154  10:10  Hydralisk x3  
  154  10:13  Overlord x2  
  154  10:14  Overlord x5  
  160  10:19  Zerg Melee Weapons Level 1  
  160  10:20  Zerg Missile Weapons Level 1  
  160  10:21  Pathogen Glands  
  151  10:31  Overseer  
  151  10:32  Overseer  
  151  10:33  Overseer  
  151  10:34  Hydralisk  
  151  10:35  Hydralisk x14  
  176  10:45  Drone x2  
  176  10:47  Greater Spire  
  178  11:03  Overseer  
  178  11:07  Hatchery  
  178  11:10  Zergling x22  
  178  11:11  Zergling x10  
  192  11:17  Neural Parasite  
  176  11:37  Zergling x14  
  176  11:38  Zergling x14  
  184  11:40  Baneling x17  
  184  11:45  Drone x4  
  184  11:46  Spine Crawler x2  
  182  11:50  Corruptor  
  182  11:51  Corruptor x3  
  173  12:09  Corruptor x5  
  182  12:19  Drone x3  
  185  12:24  Brood Lord x2  
  185  12:25  Spore Crawler  
  188  12:31  Overlord  
  188  12:41  Overseer  
  188  12:43  Zerg Melee Weapons Level 2  
  188  12:44  Zerg Ground Armor Level 1  
  188  12:49  Baneling  
  172  13:07  Drone  
  172  13:09  Brood Lord x7  
  172  13:10  Drone x4  
  172  13:14  Zergling x22  
  181  13:20  Infestor x2  
  181  13:21  Infestor  
  181  13:26  Drone x2  
  189  13:28  Infestor x2  
  189  13:30  Infestor  
  195  13:34  Zerg Flyer Weapons Level 1  
  195  13:36  Baneling x5  
  195  13:37  Baneling  
  195  13:38  Baneling  
  195  13:39  Overseer  
  195  13:44  Infestor  
  193  13:53  Zergling x2  
  193  13:54  Zergling x16  
  146  14:10  Hydralisk x7  
  146  14:11  Zergling x12  
  145  14:21  Corruptor  
  145  14:22  Corruptor x3  
  145  14:31  Extractor x2, Drone x3  
  147  14:32  Drone  
  131  14:53  Brood Lord x4  
  131  14:55  Corruptor x3  
  145  15:07  Overseer  
  145  15:10  Hydralisk x7  
  154  15:28  Brood Lord x2  
  154  15:29  Brood Lord  
  160  15:36  Hatchery  
  151  15:56  Infestor x3  
  153  16:00  Infestor, Drone  
  153  16:03  Zergling x2  
  153  16:04  Zergling x22  
  168  16:16  Overlord x3  
  168  16:22  Overseer  
  164  16:47  Hatchery, Corruptor x5  
  173  17:00  Baneling x8  
  173  17:01  Hydralisk  
  173  17:02  Hydralisk x2  
  173  17:03  Hydralisk  
  178  17:23  Brood Lord  
  178  17:28  Brood Lord  
  182  17:31  Brood Lord  
  184  17:45  Overlord  
  184  17:46  Overlord x2  
  184  17:49  Overlord  
  135  18:21  Zergling x24  
  133  18:36  Drone x3  
Show
View Real Time Build Order
Export as new Build Order

BratOK Terran - Winner!

Build Orders: Gas First Reaper Expand, Liberator Opening 

Get SALT Encoding   

  12  0:00  SCV  
  13  0:13  SCV  
  14  0:17  Supply Depot  
  14  0:25  SCV  
  15  0:29  Refinery  
  15  0:39  SCV  
  16  0:46  Barracks  
  16  0:51  SCV  
  17  1:03  SCV  
  18  1:15  SCV  
  19  1:33  Reaper, Orbital Command  
  20  1:45  Command Center  
  20  1:56  Factory  
  20  1:59  SCV  
  21  2:06  Refinery  
  21  2:08  Barracks Reactor  
  21  2:13  SCV  
  22  2:18  Supply Depot  
  22  2:25  SCV  
  23  2:39  SCV  
  23  2:42  Starport  
  24  2:48  Hellion  
  24  2:49  Hellion  
  28  2:53  SCV  
  29  3:01  Orbital Command  
  29  3:05  SCV  
  30  3:10  Barracks Tech Lab  
  30  3:12  Liberator  
  30  3:14  Hellion  
  32  3:20  Hellion  
  32  3:23  SCV  
  35  3:32  SCV  
  39  3:38  Hellion  
  41  3:44  Hellion  
  41  3:47  SCV  
  44  3:52  Supply Depot  
  44  3:53  Armory  
  44  3:54  SCV  
  45  3:59  SCV  
  46  4:13  Viking, Hellion, SCV x2  
  46  4:14  Supply Depot  
  52  4:22  Hellion  
  54  4:35  SCV x2  
  54  4:36  Supply Depot  
  56  4:47  SCV x2  
  56  4:52  Command Center  
  55  4:59  SCV x2  
  57  5:01  Hellion x2  
  61  5:12  SCV x2  
  61  5:17  Factory, Supply Depot  
  61  5:19  Factory  
  61  5:24  SCV x2  
  61  5:25  Hellion x2  
  67  5:36  SCV  
  67  5:37  SCV  
  67  5:41  Barracks Tech Lab  
  69  5:45  Starport Reactor  
  69  5:48  SCV  
  70  5:50  Factory, Refinery x2  
  70  5:51  Supply Depot  
  70  5:52  SCV, Factory  
  70  5:55  Hellion  
  73  6:00  SCV  
  73  6:02  Terran Vehicle And Ship Armor Level 1  
  74  6:12  SCV  
  74  6:14  Cyclone x2  
  74  6:17  SCV  
  83  6:18  Orbital Command  
  83  6:24  SCV  
  83  6:34  SCV  
  83  6:36  SCV  
  83  6:39  Factory Tech Lab  
  89  6:40  Hellion x2  
  89  6:46  SCV  
  90  6:47  Supply Depot x2  
  90  6:48  SCV  
  90  6:51  Cyclone x2  
  90  6:52  Hellion x2  
  101  6:56  Mag-Field Accelerator  
  101  7:03  Infernal Pre-Igniter  
  101  7:08  SCV x3  
  101  7:12  Supply Depot  
  101  7:13  Supply Depot  
  104  7:18  Drilling Claws, Refinery  
  104  7:19  Refinery  
  104  7:20  SCV x3  
  107  7:25  Cyclone  
  107  7:26  Widow Mine  
  112  7:32  SCV x2  
  104  7:38  SCV  
  98  7:44  Cyclone x2  
  98  7:45  Hellion x2  
  98  7:47  SCV x2  
  98  7:50  SCV  
  111  7:53  Hellion x2  
  111  7:57  Cyclone  
  118  7:58  Supply Depot  
  118  7:59  SCV  
  118  8:03  Supply Depot  
  118  8:04  Terran Vehicle And Ship Armor Level 2  
  118  8:05  SCV x2  
  121  8:16  Cyclone  
  121  8:17  Cyclone  
  121  8:19  Hellion x2  
  131  8:20  SCV x2  
  131  8:29  Cyclone  
  131  8:30  Command Center  
  134  8:36  Supply Depot  
  134  8:37  Liberator  
  134  8:39  Supply Depot  
  134  8:41  SCV x2  
  136  8:48  Cyclone  
  136  8:49  Cyclone  
  145  8:56  Widow Mine x2  
  145  8:58  Widow Mine  
  145  9:01  Cyclone  
  130  9:15  SCV x2, Factory  
  134  9:17  Hellion x2  
  134  9:18  Hellion  
  134  9:20  Hellion  
  134  9:21  Cyclone x2  
  146  9:25  Barracks Reactor  
  146  9:26  Factory  
  146  9:28  Factory  
  146  9:33  Cyclone  
  146  9:35  Supply Depot  
  146  9:36  Supply Depot  
  146  9:38  Hellion, Engineering Bay, Supply Depot  
  151  9:42  Starport Reactor  
  151  9:48  Hellion x3  
  151  9:51  SCV  
  151  9:52  SCV x2  
  160  9:53  Cyclone x2  
  160  9:59  Hellion  
  168  10:07  SCV  
  169  10:15  Cyclone  
  169  10:16  Factory Tech Lab x2  
  172  10:25  Cyclone x2  
  172  10:28  SCV x2, Hellion x3  
  181  10:33  Orbital Command  
  183  10:45  Refinery x2  
  183  10:47  Cyclone x3  
  183  10:48  Hellion x2, Liberator  
  190  10:57  Cyclone x2  
  190  11:00  Command Center  
  196  11:08  Supply Depot  
  196  11:09  Supply Depot  
  195  11:13  Smart Servos  
  195  11:19  Cyclone  
  195  11:21  Terran Vehicle And Ship Armor Level 3  
  196  11:29  Cyclone  
  196  11:30  Cyclone  
  190  11:36  Cyclone x2  
  196  11:45  Factory  
  194  11:47  Factory x2  
  194  11:49  Hellion x2  
  194  11:51  Cyclone  
  194  11:54  Hellion x3  
  199  12:05  Command Center  
  199  12:06  Cyclone  
  194  12:12  Orbital Command  
  194  12:15  Command Center  
  194  12:16  Command Center  
  194  12:17  Command Center  
  194  12:24  Cyclone  
  194  12:25  Cyclone  
  200  12:42  Command Center  
  200  12:43  Factory Tech Lab  
  200  12:44  Factory Reactor, Factory Tech Lab  
  200  12:47  Liberator  
  200  12:48  Liberator  
  198  12:58  Refinery  
  194  12:59  Command Center  
  194  13:00  Refinery  
  194  13:04  Cyclone x3  
  193  13:12  Cyclone x2  
  183  13:17  Planetary Fortress  
  183  13:26  Neosteel Armor  
  183  13:27  Starport  
  183  13:29  Fusion Core, Starport  
  186  13:34  Cyclone x2  
  186  13:35  Hellion x2  
  186  13:40  Cyclone, Widow Mine  
  186  13:41  Widow Mine  
  198  13:54  Armory  
  195  13:59  Terran Vehicle Weapons Level 1  
  152  14:13  Cyclone x2  
  152  14:16  Cyclone x2  
  152  14:17  Hellion x5  
  146  14:20  Orbital Command  
  146  14:22  Orbital Command x2  
  154  14:28  Starport Reactor, Starport Tech Lab  
  154  14:34  Viking x2, Cyclone x2  
  154  14:35  Hellion x2  
  154  14:46  Liberator  
  154  14:47  Cyclone x2, Liberator x2  
  154  14:48  Hellion x2  
  154  14:55  Terran Ship Weapons Level 1  
  154  14:57  Planetary Fortress  
  154  14:59  Planetary Fortress  
  154  15:01  Command Center  
  154  15:05  Hellion, Cyclone x2  
  171  15:25  Cyclone x2  
  171  15:26  Hellion, Cyclone x3  
  171  15:27  Hellion  
  182  15:37  Hellion x3, Cyclone x2  
  182  15:41  Hellion x3  
  182  15:42  Refinery  
  195  15:43  Refinery  
  195  15:48  Hellion  
  195  15:49  Hellion  
  172  15:57  Cyclone  
  172  15:58  Hellion, Cyclone x4  
  172  15:59  Hellion  
  191  16:04  Advanced Ballistics, Command Center  
  191  16:05  Command Center  
  191  16:15  Planetary Fortress  
  191  16:16  Terran Vehicle Weapons Level 2, Hellion x2  
  191  16:26  Liberator x4  
  189  16:41  Liberator  
  197  16:54  Command Center  
  197  16:57  Command Center  
  197  16:59  Command Center  
  197  17:00  Command Center  
  200  17:04  Command Center  
  200  17:05  Command Center  
  200  17:11  Liberator  
  198  17:50  Sensor Tower  
  186  18:16  Cyclone x2  
  186  18:17  Hellion  
  174  18:23  Orbital Command x2  
  168  18:29  Hellion  
Tags
 
Add a new tag
Caveats
  • Supply blocks, unpowered buildings, or Contaminate may cause inaccurate times.
  • Supply counts are checked every 10 seconds.